 Dungeon Crawl Stone Soup version 0.16.1-5-gaa23807 (console) character file.

11981 gw the Basher (level 11, -1/100 HPs)
             Began as a Deep Dwarf Gladiator on Mar 28, 2015.
             Was a Believer of Yredelemnul.
             Slain by a spiny frog (4 damage)
             ... on level 3 of the Lair of Beasts.
             The game lasted 00:20:18 (12919 turns).

gw the Basher (Deep Dwarf Gladiator)               Turns: 12919, Time: 00:20:18

Health: -1/100     AC: 18    Str: 23    XL:     11   Next: 56%
Magic:  12/12      EV:  8    Int: 12    God:    Yredelemnul [**....]
Gold:   841        SH:  0    Dex: 16    Spells: 0 memorised, 10 levels left

rFire  . . .     SeeInvis .     b - +1 arbalest
rCold  + . .     Clarity  .     k - +0 plate armour
rNeg   . . .     SustAb   .     (no shield)
rPois  .         Gourm    .     y - +1 hat
rElec  .         Spirit   .     r - +0 cloak
rCorr  .         Warding  .     E - +0 pair of gloves
rMut   .         Stasis   .     z - +0 pair of boots
MR     +....                    (no amulet)
Stlth  ..........               (no ring)
                                F - +5 ring of strength

@: lethally poisoned (-1 -> -23), non-regenerating, somewhat resistant to
hostile enchantments, extremely unstealthy
A: damage resistance, recharge devices, horns 1, clever 1, cold resistance 1,
sense surroundings 2, slow healing 3
a: Device Recharging, Animate Remains, Recall Undead Slaves, Injury Mirror,
Renounce Religion


You were on level 3 of the Lair of Beasts.
You worshipped Yredelemnul.
Yredelemnul was pleased with you.
You were very hungry.

You visited 2 branches of the dungeon, and saw 14 of its levels.

You collected 841 gold pieces.

Inventory:

Hand weapons
 a - a +3 morningstar
 b - a +1 arbalest (weapon)
Missiles
 d - 4 throwing nets
 p - 44 bolts (quivered)
Armour
 k - a +0 plate armour (worn)
 r - a +0 cloak (worn)
 y - a +1 hat (worn)
 z - a +0 pair of boots (worn)
 E - a +0 pair of gloves (worn)
Jewellery
 F - a +5 ring of strength (left hand)
Magical devices
 c - a wand of random effects (1)
 e - a wand of heal wounds (1)
 g - a wand of lightning (1)
 j - a wand of disintegration (6)
 t - a wand of flame (14)
 u - a wand of heal wounds (4)
 v - a wand of paralysis (15)
 B - a wand of slowing (25)
 C - a wand of fire (12)
 G - a wand of fireball (5)
 I - a wand of enslavement (3)
Scrolls
 l - 3 scrolls of amnesia
 o - 8 scrolls of identify
 q - 3 scrolls of remove curse
 A - a scroll of recharging
 H - a scroll of teleportation
Potions
 m - a potion of restore abilities
 n - 4 potions of curing
 x - a potion of brilliance
Comestibles
 f - 7 bread rations
 h - 11 fruits
 i - 10 slices of pizza
 s - 5 meat rations
 w - 5 beef jerkies


   Skills:
 + Level 7.4 Fighting
 * Level 11.1 Maces & Flails
 + Level 8.2 Crossbows
 - Level 1.7 Throwing
 + Level 8.4 Armour
 - Level 3.2 Dodging
 + Level 9.1 Invocations
 - Level 2.0 Evocations


You had 10 spell levels left.
You didn't know any spells.

Dungeon Overview and Level Annotations

Branches:
Dungeon (11/15)            Temple (0/1) D:6            Lair (3/8) D:9
    Orc (0/4) D:9
  Swamp: Lair:3-6    Shoals: Lair:3-6     Snake: Lair:3-6    Spider: Lair:3-6

Altars:
Ashenzari
Fedhas
Gozag
Makhleb
Nemelex Xobeh
Okawaru
Ru
Sif Muna
Xom
Yredelemnul
The Shining One

Shops:
D:4 *

Annotations:
D:6 Sharkman1231's ghost, experienced DsAs


Innate Abilities, Weirdness & Mutations

You are resistant to damage.
You can recharge devices by infusing magical energy.
You passively map the area around you.
You do not heal naturally.
You have a pair of small horns on your head.
Your mind is acute. (Int +2)
Your flesh is cold resistant.


Message History

MOVING TO (-1,0)
The spiny frog stings you. The spiny frog stings you!
You are more poisoned.
The spiny frog poisons you!
MOVING TO (0,1)
You feel very sick. The spiny frog stings you!
You are lethally poisoned!
The spiny frog poisons you!
MOVING TO (-1,0)
You feel very sick. The spiny frog stings you.
MOVING TO (0,-1)
You feel very sick. The spiny frog closely misses you.
MOVING TO (-1,0)
You feel very sick. The spiny frog stings you!
You die...
Your body rises from the dead as a mindless zombie.

, ,............. ,
...............
.................
...........#......
,...........P..(.... , *
*....#P..#........... ,*,
#.........H.#.P..#.. ,
P.......'.F.......(..
#..#....#.g.$......... ,
##. #....#.....[....... ,
#...####.......>........
#......................#
##.......<.............#
#........###.#.........#
#........# ####.......P#*
#........# ####.........
,
#<.......###.P..........,
,


You could see a hippogriff and a spiny frog.

Table legend:
 A = Turns spent in this place as a percentage of turns spent in the entire game.
 B = Non-inter-level travel turns spent in this place as a percentage of non-inter-level travel turns spent in the entire game.
 C = Inter-level travel turns spent in this place as a percentage of turns spent in this place.
 D = Turns resting spent in this place as a percentage of non-inter-level travel turns spent in this place.
 E = Turns spent auto-exploring this place as a percentage of non-inter-level travel turns spent in this place.
 F = Non-inter-level travel turns spent in this place divided by the number of levels of this place that you've seen.
                   A       B       C       D       E      F
               +-------+-------+-------+-------+-------+----------------------
         Total | 100.0 | 100.0 |   0.7 |   0.0 |   2.2 | 1854.5
       Dungeon |  89.6 |  89.7 |   0.6 |   0.0 |   2.1 | 2117.3
          Lair |  10.4 |  10.3 |   1.7 |   0.0 |   2.5 | 891.0
               +-------+-------+-------+-------+-------+----------------------

Table legend:
 A = Kills in this place as a percentage of kills in entire the game.
 B = Kills by you in this place as a percentage of kills by you in the entire game.
 C = Kills by friends in this place as a percentage of kills by friends in the entire game.
 D = Other kills in this place as a percentage of other kills in the entire game.
 E = Experience gained in this place as a percentage of experience gained in the entire game.
 F = Experience gained in this place divided by the number of levels of this place that you have seen.
                   A       B       C       D       E      F
               +-------+-------+-------+-------+-------+----------------------
         Total | 100.0 | 100.0 | 100.0 |  -nan | 100.0 | 1222.6
       Dungeon |  90.9 |  93.2 |  73.8 |  -nan |  73.8 | 1147.9
          Lair |   9.1 |   6.8 |  26.2 |  -nan |  26.2 | 1496.3
               +-------+-------+-------+-------+-------+----------------------

Vanquished Creatures
  Gastronok (D:11)
  2 hydras
  Pikel (D:6)
  An ugly thing (D:11)
  A spiny frog (Lair:1)
  A black mamba (Lair:1)
  A fire drake (Lair:2)
  A troll (D:10)
  Grinder (D:6)
  Prince Ribbit (D:5)
  The ghost of apoch the Cudgeler, an average GrFi (D:4)
  A black mamba zombie (Lair:1)
  A deep elf mage (D:9)
  A deep elf fighter (D:9)
  Eustachio (D:8)
  The ghost of GrooTW the Conjurer, an average DDCj of Cheibriados (D:3)
  A yak (D:9)
  2 hungry ghosts (D:9)
  A human (D:10)
  2 wolves (Lair:1)
  A hippogriff (Lair:2)
  Edmund (D:5)
  3 water moccasins
  Menkaure (D:6)
  2 porcupines
  2 sky beasts
  A slave (D:6)
  2 ogres
  2 ice beasts
  A black bear (D:11)
  3 orc warriors
  2 necrophages
  A big kobold (D:8)
  3 crocodiles
  A gnoll sergeant (D:9)
  7 giant frogs
  Blork the orc (D:6)
  6 scorpions
  A water moccasin skeleton (D:6)
  3 killer bees (D:7)
  4 wights (D:9)
  4 crimson imps
  A giant frog zombie (D:7)
  4 jellies
  A giant frog skeleton (D:7)
  3 hounds
  4 orc priests
  An iron imp (D:8)
  Natasha (thrice) (D:5)
  6 iguanas
  9 orc wizards
  7 worker ants
  5 sheep
  5 ogre zombies (D:9)
  Ijyb (D:2)
  A worker ant zombie (D:8)
  12 adders
  11 gnolls
  3 river rats (D:9)
  3 giant mites
  2 worms (D:2)
  3 shadow imps
  A felid zombie (D:5)
  31 orcs
  3 bat zombies
  4 giant cockroaches
  A gnoll zombie (D:4)
  18 hobgoblins
  8 jackals
  8 quokkas
  2 ball pythons
  22 bats
  5 giant geckos
  A giant newt (D:3)
  2 giant spores
  12 goblins
  4 goblin zombies (D:9)
  5 hobgoblin zombies (D:9)
  A jackal zombie (D:6)
  12 kobolds
  9 orc zombies
  A quokka skeleton (D:5)
  A quokka zombie (D:7)
  23 rats
  6 ballistomycetes
  A butterfly (D:6)
  A fungus (D:9)
  A plant (D:3)
343 creatures vanquished.

Vanquished Creatures (collateral kills)
  A spiny frog (Lair:1)
  A yak (D:9)
  A wolf (Lair:1)
  A hungry ghost (D:9)
  A porcupine (Lair:1)
  2 water moccasins
  2 ice beasts
  A giant frog (Lair:1)
  3 crocodiles
  A quasit (D:9)
  An iguana (D:6)
  An ogre zombie (D:9)
  4 adders
  3 gnolls (D:4)
  A river rat (D:9)
  A worm (D:4)
  A giant gecko (D:6)
  3 orcs
  4 bats
  A goblin (D:6)
  A jackal skeleton (D:4)
  2 orc zombies (D:9)
  A quokka (D:4)
  8 rats
  2 fungi (D:9)
  2 plants (D:9)
50 creatures vanquished.

Vanquished Creatures (others)
  2 slaves (D:6)
  A water moccasin zombie (Lair:1)
  2 wolf zombies (Lair:1)
  A giant frog zombie (Lair:1)
  An iguana (D:6)
  2 human zombies (D:6)
  A gnoll zombie (D:9)
  3 adder zombies
  An orc (D:6)
  4 bat zombies
  A giant mite zombie (D:6)
  A giant gecko zombie (D:9)
  A giant spore (D:10)
  A goblin zombie (D:4)
  A hobgoblin zombie (D:5)
  A kobold zombie (D:9)
  2 orc skeletons
  10 orc zombies
  2 rat skeletons (D:9)
  3 rat zombies (D:9)
  A river rat zombie (D:9)
  A butterfly (D:6)
43 creatures vanquished.

Grand Total: 436 creatures vanquished

Notes
Turn   | Place    | Note
--------------------------------------------------------------
     0 | D:1      | gw, the Deep Dwarf Gladiator, began the quest for the Orb.
     0 | D:1      | Reached XP level 1. HP: 19/19 MP: 1/1
   226 | D:1      | Reached XP level 2. HP: 26/26 MP: 2/2
   280 | D:1      | Reached skill level 1 in Armour
   305 | D:1      | Reached skill level 1 in Evocations
   411 | D:1      | Reached XP level 3. HP: 30/32 MP: 3/3
   657 | D:2      | Noticed Ijyb
   676 | D:2      | Killed Ijyb
   676 | D:2      | Reached XP level 4. HP: 30/40 MP: 5/5
   756 | D:2      | Reached skill level 4 in Maces & Flails
  1002 | D:2      | Found a glowing golden altar of the Shining One.
  1010 | D:2      | Reached skill level 1 in Crossbows
  1632 | D:3      | Found a burning altar of Makhleb.
  1645 | D:3      | Found a basalt altar of Yredelemnul.
  1646 | D:3      | Found an iron altar of Okawaru.
  1785 | D:3      | Noticed GrooTW's ghost (average DDCj)
  1809 | D:3      | Killed GrooTW's ghost
  1809 | D:3      | Reached XP level 5. HP: 40/48 MP: 6/6
  1815 | D:3      | Became a worshipper of Yredelemnul the Dark
  2145 | D:3      | Reached XP level 6. HP: 44/56 MP: 7/7
  2636 | D:3      | Found a blossoming altar of Fedhas.
  2636 | D:3      | Found a sparkling altar of Nemelex Xobeh.
  2639 | D:3      | Found a deep blue altar of Sif Muna.
  2642 | D:3      | Found a sacrificial altar of Ru.
  2716 | D:4      | Reached skill level 5 in Maces & Flails
  2716 | D:4      | Reached skill level 1 in Invocations
  2794 | D:4      | Acquired Yredelemnul's first power
  2936 | D:4      | Found an opulent altar of Gozag.
  2937 | D:4      | Found Gozag's Platinum Reserve.
  3024 | D:4      | Reached XP level 7. HP: 48/62 MP: 8/8
  3452 | D:4      | Noticed apoch's ghost (average GrFi)
  3466 | D:4      | Killed apoch's ghost
  3540 | D:5      | Entered Level 5 of the Dungeon
  3548 | D:5      | Reached skill level 6 in Maces & Flails
  3650 | D:5      | Noticed Edmund
  3779 | D:5      | Noticed Natasha
  3790 | D:5      | Killed Natasha
  3828 | D:5      | Found a shattered altar of Ashenzari.
  3858 | D:5      | HP: 1/64 [Edmund/flail of protection (5)]
  3879 | D:5      | Reached XP level 8. HP: 46/72 MP: 12/12
  3884 | D:5      | Killed Edmund
  3895 | D:5      | Noticed Natasha
  3900 | D:5      | Killed Natasha
  4008 | D:5      | Acquired Yredelemnul's second power
  4136 | D:5      | Noticed Prince Ribbit
  4263 | D:5      | Noticed Natasha
  4284 | D:5      | Killed Natasha
  4680 | D:5      | Killed Prince Ribbit
  4868 | D:6      | Noticed Pikel
  4881 | D:6      | Killed Pikel
  4881 | D:6      | Reached skill level 7 in Maces & Flails
  4881 | D:6      | Reached skill level 5 in Armour
  4881 | D:6      | Reached skill level 5 in Invocations
  4892 | D:6      | Gained mutation: You passively map the area around you. [level up]
  4892 | D:6      | Reached XP level 9. HP: 41/80 MP: 14/14
  5074 | D:6      | Reached skill level 5 in Fighting
  5103 | D:6      | Noticed Menkaure
  5114 | D:6      | Killed Menkaure
  5282 | D:6      | Reached skill level 5 in Crossbows
  5290 | D:6      | Found a staircase to the Ecumenical Temple.
  5334 | D:6      | Noticed Blork the orc
  5346 | D:6      | Killed Blork the orc
  5421 | D:6      | Noticed Grinder
  5430 | D:6      | Killed Grinder
  5450 | D:6      | Noticed Sharkman1231's ghost (experienced DsAs)
  5745 | D:6      | Gained mutation: Your flesh is cold resistant. [potion of mutation]
  5745 | D:6      | Gained mutation: Your mind is acute. (Int +2) [potion of mutation]
  5745 | D:6      | Gained mutation: You have a pair of small horns on your head. [potion of mutation]
  5760 | D:7      | Reached skill level 8 in Maces & Flails
  6233 | D:7      | Found a shimmering altar of Xom.
  6763 | D:8      | Noticed Eustachio
  6819 | D:8      | Killed Eustachio
  7192 | D:8      | Found a flagged portal.
  7562 | D:9      | Reached skill level 9 in Maces & Flails
  7562 | D:9      | Reached XP level 10. HP: 53/91 MP: 16/16
  7573 | D:9      | Found a staircase to the Orcish Mines.
  8121 | D:9      | Acquired Yredelemnul's third power
  8329 | D:9      | Found a staircase to the Lair.
  8628 | D:10     | Entered Level 10 of the Dungeon
  9474 | D:10     | Acquired Yredelemnul's fourth power
  9969 | D:11     | Noticed Gastronok
 10036 | D:11     | Killed Gastronok
 10036 | D:11     | Reached skill level 10 in Maces & Flails
 10133 | D:11     | Noticed a six-headed hydra
 10141 | D:11     | Killed a six-headed hydra
 10141 | D:11     | Reached XP level 11. HP: 48/99 MP: 6/13
 10849 | D:11     | Noticed a cyan ugly thing
 10875 | D:11     | Killed a cyan ugly thing
 10891 | D:11     | Identified a scroll of acquirement
 11118 | Lair:1   | Entered Level 1 of the Lair of Beasts
 12226 | Lair:2   | Reached skill level 11 in Maces & Flails
 12854 | Lair:3   | Noticed a four-headed hydra
 12880 | Lair:3   | Killed a four-headed hydra
 12919 | Lair:3   | HP: 3/100 [poisoned by a spiny frog]
 12919 | Lair:3   | Slain by a spiny frog

Action                   |  1- 3 |  4- 6 |  7- 9 | 10-12 || total
-------------------------+-------+-------+-------+-------++-------
Melee: Flail             |   110 |   149 |       |       ||   259
       Morningstar       |       |       |   409 |   348 ||   757
 Fire: Arbalest          |     3 |    53 |   136 |   132 ||   324
Invok: Animate Remains   |       |     9 |    39 |    26 ||    74
       Recall Undead Sla |       |       |     9 |    15 ||    24
       Injury Mirror     |       |       |     4 |     7 ||    11
       Animate Dead      |       |       |       |    21 ||    21
 Abil: Device Recharging |       |     1 |     3 |     8 ||    12
Evoke: Wand              |     4 |     4 |    17 |    45 ||    70
  Use: Scroll            |     2 |     6 |    11 |     6 ||    25
       Potion            |     2 |     5 |     9 |     3 ||    19
 Stab: Distracted        |       |       |     1 |       ||     1
  Eat: Chunk             |       |     8 |    13 |    20 ||    41
       Bread ration      |       |       |     1 |     1 ||     2
       Meat ration       |       |       |     1 |       ||     1

Vault maps used:
D:1:      dpeg_arrival_subterranean_lakeside_camping
D:2:      tso_altar, first_bread, minmay_misc_feat_roman, uniq_iyjb
D:3:      gammafunk_temple_overflow_forgotten, minitemple, minivault_24
D:4:      nicolae_gozag_zags_fifth_avenue, kennysheep_generic_room_8
D:5:      evilmike_ruin_ashenzari, hangedman_decor_lopped, uniq_edmund,
          uniq_prince_ribbit1, uniq_natasha
D:6:      minmay_temple_entry_butterflies, kennysheep_generic_room_10,
          uniq_pikel, uniq_grinder, uniq_menkaure, uniq_blork_the_orc
D:7:      nicolae_overflow_hidden_temple
D:8:      enter_bailey_8, uniq_eustachio
D:9:      grunt_lair_entry_elf_guard_hut, zombieorc1_lemuel,
          minmay_misc_feat_ornament, corexii_corridor_pit
D:10:     grunt_livestock, minmay_misc_feat_nine_boxes
D:11:     uniq_gastronok
Lair:3:   uniq_fannar
